 Seeded DCSS version 0.28-a0-1567-g1695149f81 (webtiles) character file.

Game seed: 263 (custom seed)

170 knot the Chopper (level 5, 33/41 HPs)
             Began as a Demonspawn Berserker on Jan 20, 2022.
             Was a Follower of Trog.
             Quit the game on level 3 of the Dungeon.
             The game lasted 00:02:07 (2718 turns).

knot the Chopper (Demonspawn Berserker)             Turns: 2718, Time: 00:02:08

Health: 33/41      AC:  2    Str: 17    XL:     5   Next: 25%
Magic:  5/5        EV: 12    Int: 15    God:    Trog [*.....]
Gold:   158        SH:  0    Dex: 12    Spells: 4/4 levels left

rFire   . . .      SeeInvis .   a - +0 hand axe
rCold   . . .      Faith    .   (no shield)
rNeg    . . .      Spirit   .   b - +0 animal skin
rPois   .          Reflect  .   (no helmet)
rElec   .          Harm     .   (no cloak)
rCorr   .          Rampage  .   (no gloves)
Will    .....                   (no boots)
Stlth   +.........              (no amulet)
HPRegen 0.13/turn               (no ring)
MPRegen 0.09/turn               (no ring)

@: on berserk cooldown
A: claws 1, big brain 2
a: Renounce Religion, Berserk


You were on level 3 of the Dungeon.
You worshipped Trog.
Trog was aware of your devotion.
You visited 1 branch of the dungeon, and saw 3 of its levels.

You collected 158 gold pieces.

Inventory:

Hand Weapons
 a - a +0 hand axe (weapon)
Missiles
 d - 98 stones (quivered)
 g - 26 sling bullets
 h - 4 poisoned darts
 n - 5 javelins
Armour
 b - a +0 animal skin (worn)
Scrolls
 e - a scroll of fear {unknown}
 f - a scroll of immolation {unknown}
 i - 2 scrolls of vulnerability {unknown}
 j - a scroll of fog {unknown}
 l - a scroll of amnesia {unknown}
 m - 2 scrolls of identify {unknown}
Potions
 c - a potion of attraction {unknown}
 k - a potion of heal wounds {unknown}


   Skills:
 - Level 3.0 Fighting
 + Level 5.5 Axes
 - Level 1.7 Armour
 - Level 1.7 Dodging


You had 4 spell levels left.
You didn't know any spells.
Your spell library contained the following spells:

 Spells                   Type           Power      Damage    Failure   Level
 Call Canine Familiar     Summ           0%         N/A       63%         3
 Portal Projectile        Hex/Tloc       0%         N/A       63%         3
 Leda's Liquefaction      Hex/Erth       0%         N/A       95%         4


Dungeon Overview and Level Annotations

Branches:
Dungeon (3/15)

Altars:
Makhleb


Innate Abilities, Weirdness & Mutations

You have sharp fingernails.
You have an extremely huge brain. (Int +4)


Message History

a +0 dagger; a goblin corpse No target in view!
No target in view!
No target in view!
Found a runed scarf.
No target in view!
n - 5 javelins
m - 2 scrolls labelled OSTRUC WICROR (gained 1)
A phantom comes into view.
A phantom is nearby!
You miss the phantom. The phantom hits you!
You miss the phantom. The phantom hits you.
You barely miss the phantom. The phantom closely misses you.
A red film seems to cover your vision as you go berserk!
You feel yourself moving faster!
You feel mighty!
The phantom hits you but does no damage.
You hit the phantom but do no damage. The phantom misses you.
You slash the phantom!
The phantom is moderately damaged.
You closely miss the phantom.
The phantom is moderately damaged.
The phantom barely misses you.
You slice the phantom!!
You destroy the phantom!
Trog accepts your kill.
Your Axes skill increases to level 5!
You have reached level 5!
Your demonic ancestry asserts itself...
Your fingernails lengthen.
You start resting.
You feel a strong urge to attack something.
You start resting.
You are no longer berserk.
You are exhausted.
You feel yourself slow down.
You start resting.
You feel yourself speed up.
Unknown command.
Unknown command.
Are you sure you want to abandon this character and quit the game? (Confirm with "yes".)

#..........#.# #.# #)#
#.........##.#####.##.##.#
###.......##........#.....
#..##.............#....#
#..###.###........#....#
#..# #.###.#####.##....#
#..# #..##.# #.##.##.#
#..# ##.##.# #.##. #.#
#..# #@.#.# #.##. #.#
#..#.............. ...
#..........[... #
#.....##....... ......
..##### ##.... ... #...
...# #... ....


There were no monsters in sight!

Vanquished Creatures
  A phantom (D:3)
  4 gnolls (D:3)
  2 adders (D:2)
  A worm (D:2)
  An endoplasm (D:2)
  2 giant cockroaches (D:1)
  5 hobgoblins
  6 kobolds
  2 quokkas (D:2)
  3 ball pythons (D:1)
  7 frilled lizards (D:1)
  4 goblins
  A rat (D:2)
39 creatures vanquished.

Notes
Turn   | Place    | Note
-------+----------+-------------------------------------------
     0 | D:1      | knot the Demonspawn Berserker began the quest for the Orb.
     0 | D:1      | Reached XP level 1. HP: 18/18 MP: 1/1
   367 | D:1      | Reached skill level 3 in Axes
   371 | D:1      | Found a faded altar of an unknown god.
   392 | D:1      | Gained mutation: You have an unusually large brain. (Int
                  | +2) [demonic ancestry]
   392 | D:1      | Reached XP level 2. HP: 22/24 MP: 2/2
  1091 | D:2      | Found a burning altar of Makhleb.
  1208 | D:2      | Reached skill level 4 in Axes
  1208 | D:2      | Reached XP level 3. HP: 22/29 MP: 3/3
  2337 | D:3      | Gained mutation: You have an extremely huge brain. (Int +4)
                  | [demonic ancestry]
  2337 | D:3      | Reached XP level 4. HP: 27/35 MP: 4/4
  2677 | D:3      | Noticed a phantom
  2686 | D:3      | Killed a phantom
  2687 | D:3      | Reached skill level 5 in Axes
  2687 | D:3      | Gained mutation: You have sharp fingernails. [demonic
                  | ancestry]
  2687 | D:3      | Reached XP level 5. HP: 40/41 MP: 5/5
  2718 | D:3      | Quit the game

Illustrated notes

Levels and vault maps discovered:
D:1:      mrwooster_arrival_statue_2, layout_basic,
          ebering_ecumenical_altar_mist, minmay_lizard_pond
D:2:      layout_rooms, basic_altar
D:3:      layout_basic, nicolae_qazlal_eye_of_the_storm, lemuel_crystal_altar,
          moated_statue

Skill      XL: |  1  2  3  4 |
---------------+-------------+-----
Axes           | 3 4 5 |  5.5
Fighting       | |  3.0
Armour         | |  1.7
Dodging        | |  1.7

Action                   |  1- 3 |  4- 6 || total
-------------------------+-------+-------++-------
Melee: Hand axe          |    98 |    11 ||   109
       Punch             |     1 |       ||     1
Invok: Berserk           |     3 |     1 ||     4
 Stab: Sleeping          |     1 |       ||     1
Armor: Animal skin       |    11 |     1 ||    12
Dodge: Dodged            |    63 |     4 ||    67

Table legend: (Time is in decaauts)
 A = Elapsed time spent in this place.
 B = Non-inter-level travel time spent in this place.
 C = Inter-level travel time spent in this place.
 D = Time resting spent in this place.
 E = Time spent auto-exploring this place.
 F = Levels seen in this place.
 G = Mean time per level.
                   A        B        C        D        E       F      G
               +--------+--------+--------+--------+--------+-----+--------+
         Total |   2775 |   2677 |     98 |    874 |   1572 |   3 |  925.0 |
       Dungeon |   2775 |   2677 |     98 |    874 |   1572 |   3 |  925.0 |
               +--------+--------+--------+--------+--------+-----+--------+

Top non-repeatable levels by time:
     D:2: 1261 daAuts
     D:1: 1098 daAuts
     D:3: 415 daAuts
